 Dungeon Crawl Stone Soup version 0.19.5 (webtiles) character file.

20230 sankara the Fighter (level 12, -3/101 HPs)
             Began as a Demonspawn Gladiator on Mar 27, 2017.
             Was an Elder of Ashenzari.
             Slain by a dire elephant (21 damage)
             ... on level 2 of the Lair of Beasts.
             The game lasted 01:20:38 (12324 turns).

sankara the Fighter (Demonspawn Gladiator)         Turns: 12324, Time: 01:20:39

Health: -3/101     AC: 22    Str: 20    XL:     12   Next: 43%
Magic:  12/12      EV: 16    Int: 12    God:    Ashenzari [****..]
Gold:   846        SH:  0    Dex: 17    Spells: 1 memorised, 9 levels left

rFire  . . .     SeeInvis +     a - +1 quarterstaff (curse)
rCold  . . .     Gourm    .     m - +2 chain mail {rPois}
rNeg   . . .     Faith    .     (shield currently unavailable)
rPois  +         Spirit   .     (helmet restricted)
rElec  .         Reflect  .     I - +0 cloak
rCorr  .         Harm     .     (no gloves)
MR     .....     Clarity  +     l - +0 pair of boots
Stlth  ..........               x - amulet of regeneration
                                k - ring of wizardry
                                j - +3 ring of evasion

@: mighty
A: antennae 1, iridescent scales 3, powered by pain 2, spiny 2
a: Curse Item, Scrying, Renounce Religion


You were on level 2 of the Lair of Beasts.
You worshipped Ashenzari.
Ashenzari was greatly pleased with you.
You were very hungry.

You visited 3 branches of the dungeon, and saw 14 of its levels.

You collected 960 gold pieces.
You spent 114 gold pieces at shops.

Inventory:

Hand Weapons
 a - a cursed +1 quarterstaff (weapon)
 s - the +5 scythe "Finisher" {speed, Str+3}
   (You found it on level 11 of the Dungeon)

   Attacks with this weapon are significantly faster.
   It affects your strength (+3).
Missiles
 d - 4 throwing nets (quivered)
Armour
 c - a +0 helmet
 l - a +0 pair of boots (worn)
 m - a +2 chain mail of poison resistance (worn)
 E - a +0 plate armour
 I - a +0 cloak (worn)
Jewellery
 e - an uncursed amulet of magic regeneration
 j - a +3 ring of evasion (left hand)
 k - a ring of wizardry (right hand)
 r - an uncursed ring of fire
 x - an amulet of regeneration (around neck)
 B - an uncursed amulet of rage
Wands
 n - a wand of confusion (27/48)
 t - a wand of flame (20/48)
 w - a wand of hasting (9/9)
 y - a wand of random effects (19/48)
 H - a wand of enslavement (15/24)
 K - a wand of acid (9/15)
 O - a wand of iceblast (10/15)
 Q - a wand of slowing (36/48)
Scrolls
 g - a scroll of enchant weapon
 p - 2 scrolls of recharging
 q - 12 scrolls of identify
 u - 3 scrolls of enchant armour
 G - 4 scrolls of teleportation
 J - a scroll of blinking
 L - a scroll of amnesia {unknown}
 N - 2 scrolls of vulnerability {unknown}
 T - a scroll of fog {unknown}
Potions
 o - 6 potions of curing
 D - a potion of ambrosia
 M - a potion of flight
Books
 z - a book of Geomancy

   Spells                             Type                      Level
   a - Sandblast                      Earth                        1
   b - Passwall                       Transmutation/Earth          2
   c - Stone Arrow                    Conjuration/Earth            3
   d - Petrify                        Transmutation/Earth          4
   e - Lee's Rapid Deconstruction     Earth                        5
 C - a book of Enchantments

   Spells                             Type                      Level
   a - Cause Fear                     Hexes                        4
   b - Yara's Violent Unravelling     Hexes/Transmutation          5
   c - Silence                        Hexes/Air                    5
   d - Deflect Missiles               Charms/Air                   6
   e - Discord                        Hexes                        8
 R - the Almanac of Fiery Envenoming
   (You found it on level 2 of the Lair of Beasts)

   Spells                             Type                      Level
   a - Sting                          Conjuration/Poison           1
   b - Flame Tongue                   Conjuration/Fire             1
   c - Conjure Flame                  Conjuration/Fire             3
   d - Alistair's Intoxication        Transmutation/Poison         5
   e - Ring of Flames                 Charms/Fire                  7
Comestibles
 b - 4 slices of pizza
 f - 10 bread rations
 i - 3 royal jellies
 v - 23 fruits
 A - 4 meat rations
 F - a beef jerky


   Skills:
 + Level 11.7 Fighting
 - Level 9.0(13.3) Staves
 - Level 1.7 Throwing
 + Level 10.3 Armour
 + Level 9.2 Dodging


You had 9 spell levels left.
You knew the following spells:

 Your Spells              Type           Power        Failure   Level  Hunger
a - Passwall              Tmut/Erth      #.........   96%         2    ###....


Dungeon Overview and Level Annotations

Branches:
Dungeon (11/15)            Temple (1/1) D:6            Lair (2/6) D:11
  Swamp: Lair:2-4    Shoals: Lair:2-4     Snake: Lair:2-4    Spider: Lair:2-4
    Orc: D:9-12

Altars:
Ashenzari
Cheibriados
Dithmenos
Elyvilon
Fedhas
Gozag
Hepliaklqana
Kikubaaqudgha
Makhleb
Nemelex Xobeh
Okawaru
Qazlal
Ru
Sif Muna
Trog
Uskayaw
Vehumet
Xom
Yredelemnul
Zin
The Shining One

Shops:
D:11 *


Innate Abilities, Weirdness & Mutations

You have a pair of small antennae on your head.
You are completely covered in iridescent scales. (AC +6)
You sometimes gain power by taking damage.
You are mostly covered in sharp spines.


Message History

The dire elephant tramples you!!
* * * LOW HITPOINT WARNING * * *
You hold your ground!
The dire elephant trunk-slaps you but does no damage.
You are too injured to fight recklessly!
You are too injured to fight recklessly!
You hit the dire elephant but do no damage.
The dire elephant is severely wounded.
The dire elephant tramples you but does no damage.
The dire elephant closely misses you.
You sock the dire elephant!
The dire elephant is severely wounded.
You sock the dire elephant!
The dire elephant is almost dead.
The dire elephant misses you.
The dire elephant trunk-slaps you but does no damage.
You sock the dire elephant!
The dire elephant is almost dead.
The dire elephant tramples you!!
You die...

#.....# #..
##.....# #..
#.....## ###..
##...## #....
#...## #....
♣..## #.... ♣♣.♣
♣♣♣..
#######♣♣♣♣♣♣
♣♣[ #≈≈≈≈≈@≈≈≈♣♣
♣♣♣♣♣
#≈≈≈≈Y#≈≈≈≈♣
♣♣♣.♣♣♣
#≈≈≈≈##♣≈≈≈♣
♣.P..P♣ #.#≈≈#
♣P≈≈♣♣ ♣♣♣....P♣
###≈≈# #≈≈≈≈♣
♣.P...... ##≈≈≈#
#≈≈≈≈♣♣♣........
#≈≈≈##
♣≈≈≈♣♣♣.........
#≈≈.#
♣♣≈≈♣♣♣....≈≈≈≈.
#≈≈Y#
♣≈≈P♣♣≈.P≈≈≈≈≈≈≈


You could see a dire elephant.

Vanquished Creatures
  A catoblepas (Lair:2)
  Urug (D:10)
  The ghost of sankara the Cruncher, a novice MiGl of Makhleb (D:8)
  An unseen horror (D:11)
  3 hill giants
  Pikel (D:7)
  A manticore (D:11)
  3 elephants (Lair:2)
  A gargoyle (D:7)
  A torpor snail (Lair:2)
  3 komodo dragons
  2 spiny frogs
  A rime drake (Lair:2)
  A tengu conjurer (D:11)
  A troll (D:10)
  A hornet (D:9)
  A two-headed ogre (D:9)
  5 hippogriffs
  4 blink frogs
  Sigmund (D:6)
  2 wyverns
  The ghost of Archimedus the Magician, an amateur GrWz of Vehumet (D:4)
  22 yaks
  3 hungry ghosts
  Menkaure (D:4)
  3 water moccasins
  4 slaves (D:7)
  2 orc warriors
  2 porcupines (Lair:2)
  2 sky beasts
  A black bear (D:6)
  3 ice beasts
  An eye of draining (D:11)
  10 ogres
  A necrophage (D:11)
  2 phantoms
  2 centaurs
  3 crocodiles
  10 bullfrogs
  A wyvern zombie (D:7)
  A scorpion (D:11)
  8 killer bees
  An electric eel (Lair:1)
  8 wights
  3 crimson imps
  2 centaur zombies
  3 jellies
  3 bullfrog skeletons
  2 orc wizards (D:3)
  An orc priest (D:11)
  6 hounds
  An iguana (D:8)
  Natasha (thrice) (D:3)
  8 worker ants
  A hound zombie (D:6)
  2 hound skeletons
  2 worker ant zombies
  A howler monkey skeleton (D:5)
  A gnoll (D:1)
  13 adders
  2 river rats (D:11)
  2 shadow imps
  An ooze (D:6)
  An adder zombie (D:6)
  An adder skeleton (D:9)
  2 dart slugs (D:2)
  9 leopard geckos
  15 orcs
  5 giant cockroaches
  12 goblins
  13 hobgoblins
  9 jackals
  4 quokkas
  10 bats
  4 frilled lizards
  8 kobolds
  A leopard gecko skeleton (D:5)
  22 rats
301 creatures vanquished.

Vanquished Creatures (others)
  A tengu conjurer (D:11)
  A leopard gecko (D:11)
  A goblin (D:1)
  A fungus (D:11)
  A plant (Lair:2)
  8 toadstools (Lair:2)
13 creatures vanquished.

Grand Total: 314 creatures vanquished

Notes
Turn   | Place    | Note
-------+----------+-------------------------------------------
     0 | D:1      | sankara the Demonspawn Gladiator began the quest for the Orb.
     0 | D:1      | Reached XP level 1. HP: 16/16 MP: 1/1
   244 | D:1      | Gained mutation: You sometimes gain a little power by taking damage. [demonic ancestry]
   244 | D:1      | Reached XP level 2. HP: 20/22 MP: 2/2
   614 | D:1      | Gained mutation: You are partially covered in iridescent scales. (AC +2) [demonic ancestry]
   614 | D:1      | Reached XP level 3. HP: 28/28 MP: 3/3
  1499 | D:2      | Gained mutation: You are partially covered in sharp spines. [demonic ancestry]
  1499 | D:2      | Reached XP level 4. HP: 32/34 MP: 4/4
  1884 | D:3      | Reached skill level 1 in Armour
  1929 | D:3      | Reached skill level 3 in Fighting
  1929 | D:3      | Gained mutation: You are mostly covered in iridescent scales. (AC +4) [demonic ancestry]
  1929 | D:3      | Reached XP level 5. HP: 41/41 MP: 5/5
  2083 | D:3      | Found an ancient bone altar of Kikubaaqudgha.
  2083 | D:3      | Found a shattered altar of Ashenzari.
  2084 | D:3      | Found a glowing silver altar of Zin.
  2091 | D:3      | Became a worshipper of Ashenzari the Shackled
  2134 | D:3      | Noticed Natasha
  2144 | D:3      | Killed Natasha
  2144 | D:3      | Reached skill level 5 in Staves
  2202 | D:3      | Noticed Natasha
  2207 | D:3      | Killed Natasha
  2567 | D:3      | Noticed Natasha
  2572 | D:3      | Killed Natasha
  2572 | D:3      | Reached XP level 6. HP: 36/47 MP: 6/6
  2638 | D:4      | Noticed Archimedus's ghost (amateur GrWz)
  2675 | D:4      | Killed Archimedus's ghost
  2675 | D:4      | Reached skill level 4 in Fighting
  2908 | D:4      | Reached XP level 7. HP: 52/54 MP: 7/7
  2977 | D:4      | Noticed Menkaure
  2984 | D:4      | Killed Menkaure
  3405 | D:5      | Entered Level 5 of the Dungeon
  4277 | D:6      | Got the cursed ring mail "Ehofad" {rF++ Stlth-}
  4279 | D:6      | Identified the cursed +0 ring mail "Ehofad" {rF++ Stlth-} (You found it on level 6 of the Dungeon)
  4345 | D:6      | Gained mutation: You are completely covered in iridescent scales. (AC +6) [demonic ancestry]
  4345 | D:6      | Reached XP level 8. HP: 61/61 MP: 8/8
  4370 | D:6      | Reached skill level 5 in Fighting
  4385 | D:6      | Found a staircase to the Ecumenical Temple.
  4393 | Temple   | Entered the Ecumenical Temple
  4621 | D:6      | Found a stormy altar of Qazlal.
  4707 | D:6      | Reached * piety under Ashenzari
  4918 | D:6      | Noticed Sigmund
  4923 | D:6      | Killed Sigmund
  5234 | D:7      | Found a faded altar of an unknown god.
  5234 | D:7      | Found a deep blue altar of Sif Muna.
  5240 | D:7      | Found a faded altar of an unknown god.
  5242 | D:7      | Found a burning altar of Makhleb.
  5244 | D:7      | Found a faded altar of an unknown god.
  5521 | D:7      | Noticed Pikel
  5534 | D:7      | Killed Pikel
  5534 | D:7      | Reached skill level 6 in Fighting
  5534 | D:7      | Gained mutation: You sometimes gain power by taking damage. [demonic ancestry]
  5534 | D:7      | Reached XP level 9. HP: 55/69 MP: 9/9
  5634 | D:7      | Noticed a gargoyle
  5644 | D:7      | Killed a gargoyle
  5644 | D:7      | Reached skill level 5 in Armour
  6065 | D:8      | Reached skill level 7 in Fighting
  6188 | D:8      | Noticed sankara's ghost (novice MiGl)
  6223 | D:8      | Killed sankara's ghost
  6436 | D:8      | Reached XP level 10. HP: 78/80 MP: 10/10
  6505 | D:8      | Found an opulent altar of Gozag.
  6780 | D:8      | Reached skill level 8 in Fighting
  6847 | D:9      | Reached ** piety under Ashenzari
  6999 | D:9      | Reached skill level 5 in Dodging
  7454 | D:10     | Entered Level 10 of the Dungeon
  7489 | D:10     | Noticed a hill giant
  7542 | D:10     | Killed a hill giant
  7542 | D:10     | Reached skill level 9 in Fighting
  7777 | D:10     | Noticed a hill giant
  7795 | D:10     | Killed a hill giant
  7916 | D:10     | Gained mutation: You are mostly covered in sharp spines. [demonic ancestry]
  7916 | D:10     | Reached XP level 11. HP: 86/89 MP: 11/11
  8233 | D:10     | Noticed Urug
  8267 | D:10     | Killed Urug
  8527 | D:10     | Reached skill level 10 in Fighting
  8818 | D:11     | Found Unlaix's Assorted Antiques.
  8821 | D:11     | Bought a scroll of remove curse for 114 gold pieces
  8873 | D:11     | Reached *** piety under Ashenzari
  9162 | D:11     | Noticed a hill giant
  9169 | D:11     | Killed a hill giant
  9346 | D:11     | Noticed an unseen horror
  9353 | D:11     | Killed an unseen horror
  9527 | D:11     | Found a staircase to the Lair.
  9547 | Lair:1   | Entered Level 1 of the Lair of Beasts
  9759 | Lair:1   | Reached **** piety under Ashenzari
  9822 | Lair:1   | Found a hide-covered altar of Uskayaw.
 10284 | Lair:1   | Reached skill level 11 in Fighting
 10364 | Lair:2   | Gained mutation: You have a pair of small antennae on your head. [demonic ancestry]
 10364 | Lair:2   | Reached XP level 12. HP: 32/100 MP: 12/12
 10510 | Lair:2   | Identified the Almanac of Fiery Envenoming
 10515 | Lair:2   | Learned a level 2 spell: Passwall
 10853 | Lair:2   | Noticed a catoblepas
 10865 | Lair:2   | HP: 3/100 [catoblepas (18)]
 10867 | Lair:2   | Killed a catoblepas
 10867 | Lair:2   | Reached skill level 10 in Armour
 11095 | Lair:2   | Found a runed door.
 11737 | Lair:2   | Noticed a catoblepas
 11737 | Lair:2   | Noticed a dire elephant
 11759 | Lair:2   | HP: 5/101 [dire elephant (23)]
 12324 | Lair:2   | Slain by a dire elephant

Skill      XL: |  1  2  3  4  5  6  7  8  9 10 11 12 |
---------------+-------------------------------------+-----
Staves         | 3 4 5 6 8 9 |  9.0
Armour         | 1 2 3 4 6 8 9 10 | 10.3
Fighting       | 3 4 6 7 9 11 | 11.7
Dodging        | 4 6 8 9 |  9.2
Throwing       | |  1.7

Action                   |  1- 3 |  4- 6 |  7- 9 | 10-12 || total
-------------------------+-------+-------+-------+-------++-------
Melee: Quarterstaff      |   100 |   122 |   265 |   762 ||  1249
Invok: Curse Item        |       |       |       |     1 ||     1
Evoke: Wand              |       |       |       |     5 ||     5
  Use: Potion            |       |     3 |     4 |     7 ||    14
       Scroll            |       |       |     2 |     7 ||     9
 Stab: Sleeping          |     1 |       |       |       ||     1
       Petrified         |       |       |       |    11 ||    11
  Eat: Chunk             |     2 |     5 |    11 |    24 ||    42
Armor: Leather armour    |    21 |       |       |       ||    21
       Chain mail        |     7 |    61 |    86 |   308 ||   462
       Skin              |       |       |       |     3 ||     3
Dodge: Dodged            |    69 |    47 |   108 |   440 ||   664
